 Dungeon Crawl Stone Soup version 0.23.0 (webtiles) character file.

Game seed: 1258815808587672854

41 Delanovic the Digger (level 3, -1/19 HPs)
             Began as a Gargoyle Earth Elementalist on Feb 16, 2019.
             Slain by Sigmund
             ... wielding a +0 scythe
              (12 damage)
             ... on level 2 of the Dungeon.
             The game lasted 00:04:52 (2247 turns).

Delanovic the Digger (Gargoyle Earth Elementalist)  Turns: 2247, Time: 00:04:52

Health: -1/19      AC:  6    Str: 11    XL:     3   Next: 52%
Magic:  6/6        EV: 12    Int: 21    God:
Gold:   55         SH:  0    Dex: 10    Spells: 3/7 levels left

rFire    . . .     SeeInvis .   o - +0 whip
rCold    . . .     Gourm    .   (no shield)
rNeg     + . .     Faith    .   c - +0 robe
rPois    ∞         Spirit   .   (no helmet)
rElec    +         Reflect  .   (no cloak)
rCorr    .         Harm     .   (no gloves)
MR       .....                  l - +0 pair of boots
Stlth    ++........             f - amulet of regeneration
HPRegen  0.46/turn              (no ring)
MPRegen  0.10/turn              (no ring)

@: brilliant
A: negative energy resistance 1, electricity resistance, unbreathing,
petrification resistance, rot immunity, AC +3
a: no special abilities


You were on level 2 of the Dungeon.
You were near starving.

You visited 1 branch of the dungeon, and saw 2 of its levels.

You collected 55 gold pieces.

Inventory:

Hand Weapons
 a - a +0 mace
 o - a +0 whip (weapon)
Missiles
 b - 18 stones (quivered)
Armour
 c - a +0 robe (worn)
 l - a +0 pair of boots (worn)
 n - a +0 shield
Jewellery
 f - an amulet of regeneration (around neck)
Wands
 m - a wand of paralysis (5)
Scrolls
 g - 3 scrolls of amnesia {unknown}
 h - a scroll of identify {unknown}
 p - a scroll of noise {unknown}
Potions
 e - a potion of flight {unknown}
 i - 2 potions of brilliance
 j - a potion of lignification {unknown}
 k - 2 potions of curing {unknown}
Comestibles
 d - 2 rations


   Skills:
 + Level 2.2 Dodging
 - Level 2.2 Stealth
 + Level 2.5 Spellcasting
 + Level 0.1 Conjurations
   Level 0.7 Transmutations
 + Level 4.3 Earth Magic


You had 3 spell levels left.
You knew the following spells:

 Your Spells              Type           Power        Failure   Level  Hunger
a - Sandblast             Erth           ####..       1%          1    None
b - Stone Arrow           Conj/Erth      ###...       2%          3    ###....

Your spell library contained the following spells:

 Spells                   Type           Power        Failure   Level  Hunger
 Passwall                 Tmut/Erth      ####....     1%          2    ##.....
 Petrify                  Tmut/Erth      ####....     6%          4    ####...
 Lee's Rapid Deconstruct  Erth           ####......   8%          5    ######.


Dungeon Overview and Level Annotations

Branches:
Dungeon (2/15)

Altars:
Zin

Annotations:
D:2 Sigmund


Innate Abilities, Weirdness & Mutations

You are resistant to torment.
Your stone body is resilient. (AC +3)
You are immune to poison.
You resist negative energy. (rN+)
You are resistant to electric shocks. (rElec)
You can survive without breathing.
You are immune to petrification.
You are immune to rotting.


Message History

Aim: a quokka (moderately wounded)
The blast of sand hits the quokka!
You kill the quokka!
b - 18 stones You hear some strange, mumbled words.
You are confused.
You're too confused to move!
Something hits you.
You closely miss something. You barely miss something. Something hits you.
You're too confused to cast spells.
Sorry, you're not good enough to have a special ability.
Unknown command.
You bump into the rock wall.
You're too confused to move!
Something hits you.
It was a potion of brilliance.
You feel clever all of a sudden.
You feel less confused. Something hits you!
Ouch! That really hurt!
You die...

######################
................@{...#
####################.#
# ....... #.# .
.>..... #.# .
...g...##.#
..........#
..@....#..#
.......#..# #
r......##.#


There were no monsters in sight!

Vanquished Creatures
  An ooze (D:1)
  A worm (D:2)
  2 bats (D:1)
  2 giant cockroaches (D:1)
  3 goblins
  5 hobgoblins (D:1)
  6 jackals (D:1)
  4 kobolds
  A quokka (D:2)
  2 frilled lizards
  3 rats (D:1)
30 creatures vanquished.

Notes
Turn   | Place    | Note
-------+----------+-------------------------------------------
     0 | D:1      | Delanovic the Gargoyle Earth Elementalist began the quest
                  | for the Orb.
     0 | D:1      | Reached XP level 1. HP: 10/10 MP: 3/3
   150 | D:1      | Reached XP level 2. HP: 2/15 MP: 0/5
   506 | D:1      | Reached skill level 4 in Earth Magic
   847 | D:1      | Reached XP level 3. HP: 4/19 MP: 2/6
  1300 | D:1      | Learned a level 3 spell: Stone Arrow
  1395 | D:2      | Noticed Sigmund
  1945 | D:2      | Found a glowing silver altar of Zin.
  2247 | D:2      | Slain by Sigmund

Skill      XL: |  1  2 |
---------------+-------+-----
Earth Magic    | 4 |  4.3
Dodging        | 2 |  2.2
Stealth        | |  2.2
Spellcasting   | |  2.5
Conjurations   | |  0.1
Transmutations | |  0.7

Action                   || total
-------------------------++-------
Melee: Mace              ||   106
       Whip              ||    13
 Cast: Sandblast         ||    12
  Use: Potion            ||     1
 Stab: Sleeping          ||     1
  Eat: Chunk             ||     3
Armor: Robe              ||    54
Dodge: Dodged            ||   110
